 Dungeon Crawl Stone Soup version 0.19.4-8-ga85b6b9 (webtiles) character file.

5642 sveltemanboy the Destroyer (level 10, -5/63 HPs)
             Began as a Tengu Conjurer on Feb 8, 2017.
             Was a Believer of Vehumet.
             Slain by a seven-headed hydra (11 damage)
             ... on level 8 of the Dungeon on Feb 9, 2017.
             The game lasted 00:41:01 (13915 turns).

sveltemanboy the Destroyer (Tengu Conjurer)        Turns: 13915, Time: 00:41:01

Health: -5/63      AC:  9    Str:  6    XL:     10   Next: 74%
Magic:  0/20       EV: 12    Int: 21    God:    Vehumet [**....]
Gold:   181        SH:  0    Dex: 13    Spells: 7 memorised, 1 level left

rFire  . . .     SeeInvis .     n - +1 scimitar (flame)
rCold  . . .     Gourm    .     C - +1 leather armour "Foiblar" {Int+2}
rNeg   . . .     Faith    .     (no shield)
rPois  .         Spirit   +     y - +2 hat
rElec  .         Reflect  .     v - +0 cloak
rCorr  .         Harm     .     e - +1 pair of gloves
MR     .....                    (boots unavailable)
Stlth  ++........               h - amulet of guardian spirit
                                (no ring)
                                (no ring)

@: very slightly contaminated
A: beak, talons 3, clumsy 1, robust 2, weak 1, evolution 1, able to fly 1
a: Fly, Renounce Religion


You were on level 8 of the Dungeon.
You worshipped Vehumet.
Vehumet was pleased with you.
You were hungry.

You visited 2 branches of the dungeon, and saw 9 of its levels.

You collected 445 gold pieces.
You spent 264 gold pieces at shops.

Inventory:

Hand Weapons
 n - a +1 scimitar of flaming (weapon)
 p - a +1 falchion of holy wrath
Missiles
 d - an exploding tomahawk (quivered)
Armour
 e - a +1 pair of gloves (worn)
 v - a +0 cloak (worn)
 y - a +2 hat (worn)
 C - the +1 leather armour "Foiblar" (worn) {Int+2}
   (You bought it in a shop on level 4 of the Dungeon)

   It affects your intelligence (+2).
Jewellery
 h - an amulet of guardian spirit (around neck)
 j - a +2 ring of intelligence {unknown}
Wands
 a - a wand of paralysis (8/24)
 w - a wand of iceblast (9/15)
 z - a wand of digging (6/24)
Scrolls
 k - 6 scrolls of identify
 m - 4 scrolls of enchant weapon
 o - a scroll of remove curse
 s - 2 scrolls of recharging
 F - a scroll of magic mapping
 K - a scroll of random uselessness {unknown}
Potions
 f - a potion of heal wounds {unknown}
 t - a potion of curing
 x - a potion of flight
 A - 2 potions of agility {unknown}
Books
 J - a book of Clouds

   Spells                             Type                      Level
   a - Mephitic Cloud                 Conjuration/Poison/Air       3
   b - Conjure Flame                  Conjuration/Fire             3
   c - Poisonous Cloud                Conjuration/Poison/Air       6
   d - Freezing Cloud                 Conjuration/Ice/Air          6
   e - Ring of Flames                 Charms/Fire                  7
Comestibles
 b - 2 chunks of flesh
 c - 6 bread rations
 g - 2 royal jellies
 i - 2 meat rations
 l - a slice of pizza
 r - 7 beef jerkies
 B - 7 fruits


   Skills:
 - Level 2.0 Fighting
 + Level 8.3 Long Blades
 - Level 3.1 Armour
 - Level 2.1 Dodging
 - Level 2.0 Stealth
 - Level 6.0 Spellcasting
 + Level 12.8 Conjurations
 - Level 2.1 Hexes
 + Level 3.6 Charms
 - Level 4.0 Necromancy


You had one spell level left.
You knew the following spells:

 Your Spells              Type           Power        Failure   Level  Hunger
a - Magic Dart            Conj           ####         1%          1    None
b - Searing Ray           Conj           ######       1%          2    None
c - Iskenderun's Mystic   Conj           ######..     1%          4    ####...
d - Iskenderun's Battles  Conj/Chrm      #####...     17%         5    #####..
e - Fulminant Prism       Conj/Hex       #####.....   8%          4    ####...
f - Conjure Flame         Conj/Fire      ####....     3%          3    ##.....
g - Animate Skeleton      Necr           N/A          2%          1    None


Dungeon Overview and Level Annotations

Branches:
Dungeon (8/15)             Temple (1/1) D:5
   Lair: D:8-11

Altars:
Ashenzari
Cheibriados
Dithmenos
Elyvilon
Fedhas
Gozag
Hepliaklqana
Kikubaaqudgha
Makhleb
Nemelex Xobeh
Okawaru
Qazlal
Ru
Sif Muna
Trog
Uskayaw
Vehumet
Xom
Yredelemnul
Zin
The Shining One

Shops:
D:4 :[*   D:6 }


Innate Abilities, Weirdness & Mutations

You have a beak for a mouth.
You have claws for feet.
You can fly.
You are clumsy. (Dex -2)
You are very robust. (+20% HP)
You are weak. (Str -2)
You evolve.


Message History

The seven-headed hydra barely misses you.
Evoke which item? (* to show all) (? for menu, Esc to quit)
Okay, then.
Okay, then.
Evoke which item? (* to show all) (? for menu, Esc to quit)
Zapping:
a - a wand of paralysis {zapped: 3} (will waste charges)
Press: ? - help, Shift-Dir - straight line, f - seven-headed hydra
Aim: a seven-headed hydra (lightly wounded, chance to defeat MR: 15%)
Okay, then.
Okay, then.
Evoke which item? (* to show all) (? for menu, Esc to quit)
Okay, then.
Okay, then.
Casting: Conjure Flame
Confirm with . or Enter, or press ? or * to list all spells.
Okay, then.
As you read the scroll labeled VIAR VIESA, it crumbles to dust.
The creatures around you are filled with an inner flame!
It was a scroll of immolation.
The seven-headed hydra bites you!
You die...

*****,****#####.#####...#........
***,*,*,**#.#.#..#.)#.#....<.....
**,**,**,*##..##.(#.#.........>..
*,*,,,,,*,#.)....##.#..(.........
***,,,*,**#.#(#(##.##....(##.....
*,,**8**,,#.#.###...#.#.#.##.....
***,*,,,**#.#.(...#.#...#.##.....
*,*,,,,,*,#...###(..#..##.##.....
**,**,**,*##.##.@.#.#............
***,*,*,**#...#D#.#.#.#....######
********#######§#####.#.#.)#.....
*,,,,,,,..##§§o....##.#.#..#.....
*,*'***'#.#§§#####..#......#.....
*,*,,,,,#.#.##$$$##.#...#..#.....
*,*##'###.#§#$$$$$#.#Z.##..#.....
,,'.....'.§o#$?..(#.#Z.##........
*,*##'###.#.#$..%/#.#Z.##........


You could see a seven-headed hydra (inner flame) and an orc.

Vanquished Creatures
  A hill giant (D:8)
  An efreet (D:8)
  3 trolls
  Grinder (D:3)
  Sigmund (D:4)
  A wraith (D:7)
  A steam dragon (D:8)
  Menkaure (D:5)
  An orc warrior (D:7)
  2 sky beasts (D:8)
  A black bear (D:7)
  4 centaurs
  2 ogres
  A wyvern zombie (D:7)
  8 bullfrogs
  2 wyvern skeletons (D:7)
  3 scorpions
  A wight (D:8)
  5 electric eels
  A howler monkey (D:8)
  2 crimson imps
  3 orc priests (D:5)
  4 hounds
  Crazy Yiuf (D:3)
  A centaur skeleton (D:7)
  Jessica (D:3)
  Ijyb (D:2)
  8 worker ants
  8 iguanas
  11 orc wizards
  A worker ant zombie (D:6)
  8 gnolls
  11 adders
  4 shadow imps
  3 oozes
  2 adder zombies
  2 adder skeletons
  5 worms
  3 dart slugs
  3 leopard geckos
  35 orcs
  5 giant cockroaches
  14 hobgoblins
  12 jackals
  6 quokkas
  6 bats
  4 frilled lizards
  11 goblins
  7 kobolds
  A leopard gecko skeleton (D:4)
  A leopard gecko zombie (D:6)
  6 rats
  2 plants (D:3)
233 creatures vanquished.

Vanquished Creatures (collateral kills)
  2 bullfrogs (D:8)
  A wight (D:8)
3 creatures vanquished.

Vanquished Creatures (others)
  An orc (D:7)
  3 fulminant prisms (D:8)
  2 plants (D:3)
6 creatures vanquished.

Grand Total: 242 creatures vanquished

Notes
Turn   | Place    | Note
-------+----------+-------------------------------------------
     0 | D:1      | sveltemanboy the Tengu Conjurer began the quest for the Orb.
     0 | D:1      | Reached XP level 1. HP: 10/10 MP: 4/4
   264 | D:1      | Reached XP level 2. HP: 15/15 MP: 1/6
   335 | D:1      | Learned a level 2 spell: Searing Ray
   617 | D:1      | Reached XP level 3. HP: 19/19 MP: 2/7
   935 | D:1      | Reached skill level 6 in Conjurations
  1827 | D:2      | Reached XP level 4. HP: 24/24 MP: 7/9
  1876 | D:2      | Learned a level 4 spell: Iskenderun's Mystic Blast
  1970 | D:2      | Found a blossoming altar of Fedhas.
  2045 | D:2      | Found an ancient bone altar of Kikubaaqudgha.
  2137 | D:2      | Noticed Ijyb
  2138 | D:2      | Paralysed by Ijyb for 2 turns
  2147 | D:2      | Paralysed by Ijyb for 3 turns
  2455 | D:2      | Found a sacrificial altar of Ru.
  2536 | D:2      | Gained mutation: You can fly. [Tengu growth]
  2536 | D:2      | Reached XP level 5. HP: 28/28 MP: 4/11
  2820 | D:2      | Found a deep blue altar of Sif Muna.
  2873 | D:2      | Killed Ijyb
  2873 | D:2      | Reached skill level 7 in Conjurations
  3211 | D:3      | Noticed Grinder
  3211 | D:3      | Paralysed by Grinder for 6 turns
  3231 | D:3      | Paralysed by Grinder for 4 turns
  4412 | D:3      | Reached skill level 1 in Armour
  4439 | D:3      | Reached XP level 6. HP: 32/32 MP: 8/13
  4629 | D:3      | Learned a level 5 spell: Iskenderun's Battlesphere
  4800 | D:3      | Found an opulent altar of Gozag.
  4887 | D:3      | Killed Grinder
  4887 | D:3      | Reached XP level 7. HP: 29/36 MP: 1/15
  4888 | D:3      | Noticed Jessica
  4897 | D:3      | Killed Jessica
  5373 | D:3      | Found a runed door.
  5593 | D:3      | Reached skill level 8 in Conjurations
  5780 | D:3      | Noticed Crazy Yiuf
  5786 | D:3      | Killed Crazy Yiuf
  5905 | D:4      | Found Cuaj's General Store.
  5908 | D:4      | Bought a scroll of noise for 10 gold pieces
  5908 | D:4      | Bought a potion of flight for 30 gold pieces
  5975 | D:4      | Reached skill level 5 in Spellcasting
  6205 | D:4      | Found a glowing golden altar of the Shining One.
  6713 | D:4      | Found Seck's Antique Armour Emporium.
  6754 | D:4      | Reached skill level 1 in Fighting
  6796 | D:4      | Found a shattered altar of Ashenzari.
  6827 | D:4      | Noticed Sigmund
  6830 | D:4      | Killed Sigmund
  6830 | D:4      | Reached skill level 9 in Conjurations
  6830 | D:4      | Reached XP level 8. HP: 44/44 MP: 4/17
  7087 | D:4      | Found Cyichetz's Book Shop.
  7154 | D:5      | Entered Level 5 of the Dungeon
  7154 | D:5      | Noticed Menkaure
  7235 | D:5      | Reached skill level 1 in Long Blades
  7737 | D:4      | Learned a level 4 spell: Fulminant Prism
  8092 | D:5      | Reached skill level 1 in Charms
  8126 | D:5      | Killed Menkaure
  8262 | D:5      | Reached skill level 10 in Conjurations
  8381 | D:5      | Found a staircase to the Ecumenical Temple.
  8409 | Temple   | Entered the Ecumenical Temple
  9048 | D:6      | Found a radiant altar of Vehumet.
  9054 | D:6      | Became a worshipper of Vehumet
  9068 | D:6      | Reached XP level 9. HP: 48/48 MP: 13/19
  9247 | D:4      | Bought a crude leather armour for 224 gold pieces
  9258 | D:4      | Identified the cursed +1 leather armour "Foiblar" {Int+2} (You bought it in a shop on level 4 of the Dungeon)
  9553 | D:6      | Found Pump's Gadget Boutique.
 10004 | D:6      | Found a hazy altar of Hepliaklqana.
 10274 | D:6      | Found a shimmering altar of Xom.
 10274 | D:6      | Found a stormy altar of Qazlal.
 10535 | D:7      | Learned a level 3 spell: Dazzling Spray
 10632 | D:7      | Noticed a troll
 10640 | D:7      | Killed a troll
 10640 | D:7      | Reached skill level 5 in Long Blades
 10640 | D:7      | Reached skill level 1 in Hexes
 10908 | D:7      | Reached skill level 11 in Conjurations
 11132 | D:7      | Reached * piety under Vehumet
 11132 | D:7      | Offered knowledge of Freeze by Vehumet.
 11816 | D:7      | Found a white marble altar of Elyvilon.
 11978 | D:7      | Found a basalt altar of Yredelemnul.
 12178 | D:7      | Learned a level 1 spell: Animate Skeleton
 12245 | D:7      | Reached skill level 1 in Necromancy
 12245 | D:7      | Reached XP level 10. HP: 37/53 MP: 5/20
 12370 | D:8      | Gained mutation: You are clumsy. (Dex -2) [mutagenic meat]
 12371 | D:8      | Gained mutation: You are robust. (+10% HP) [mutagenic meat]
 12372 | D:8      | Gained mutation: You are very robust. (+20% HP) [mutagenic meat]
 12374 | D:8      | Gained mutation: You evolve. [mutagenic meat]
 12375 | D:8      | Gained mutation: You rapidly evolve. [mutagenic meat]
 12421 | D:8      | Reached skill level 12 in Conjurations
 12428 | D:8      | Gained mutation: You are weak. (Str -2) [mutagenic meat]
 12767 | D:8      | Learned a level 3 spell: Conjure Flame
 12853 | D:8      | Noticed a hill giant
 12858 | D:8      | Killed a hill giant
 12858 | D:8      | Reached ** piety under Vehumet
 12858 | D:8      | Offered knowledge of Flame Tongue by Vehumet.
 12870 | D:8      | Lost mutation: You rapidly evolve. [end of evolution]
 13770 | D:8      | Noticed a seven-headed hydra
 13915 | D:8      | Slain by a seven-headed hydra

Skill      XL: |  1  2  3  4  5  6  7  8  9 10 |
---------------+-------------------------------+-----
Conjurations   | 6 7 9 10 11 12 | 12.8
Spellcasting   | 3 4 5 6 |  6.0
Armour         | 1 2 3 |  3.1
Fighting       | 1 2 |  2.0
Long Blades    | 3 6 8 |  8.3
Charms         | 2 3 |  3.6
Hexes          | 2 |  2.1
Necromancy     | 1 4 |  4.0
Dodging        | |  2.1
Stealth        | |  2.0

Action                   |  1- 3 |  4- 6 |  7- 9 | 10-12 || total
-------------------------+-------+-------+-------+-------++-------
Melee: Unarmed           |       |    54 |       |       ||    54
       Peck              |       |    13 |    26 |     2 ||    41
       Kick              |       |    11 |    24 |    11 ||    46
       Falchion          |       |    12 |     9 |       ||    21
       Dagger            |       |       |   144 |    31 ||   175
       Scimitar          |       |       |       |     4 ||     4
Throw: Tomahawk          |       |       |     2 |       ||     2
 Cast: Magic Dart        |    61 |    76 |    67 |    29 ||   233
       Searing Ray       |     5 |    25 |    60 |    18 ||   108
       Iskenderun's Myst |       |     2 |    22 |    15 ||    39
       Dazzling Spray    |       |       |     8 |       ||     8
       Fulminant Prism   |       |       |     1 |     2 ||     3
       Animate Skeleton  |       |       |       |     4 ||     4
       Conjure Flame     |       |       |       |     2 ||     2
Evoke: Wand              |       |       |     1 |       ||     1
  Use: Scroll            |     2 |     4 |       |     7 ||    13
       Potion            |       |     2 |     2 |       ||     4
 Stab: Paralysed         |       |       |     2 |       ||     2
  Eat: Chunk             |     3 |    11 |    26 |    15 ||    55
Armor: Robe              |     3 |     7 |       |       ||    10
       Leather armour    |       |    11 |    82 |    18 ||   111
Dodge: Dodged            |     5 |    47 |   160 |    66 ||   278
       Rpst.: Falchion   |       |     1 |     2 |       ||     3
       Scimitar          |       |       |       |     3 ||     3
